 Dungeon Crawl Stone Soup version 0.22-a0-149-g870e420 (webtiles) character file.

41 KristoblXynda the Slasher (level 3, 0/32 HPs)
             Began as a Naga Gladiator on Feb 7, 2018.
             Slain by a hobgoblin
             ... wielding a +0 club
              (1 damage)
             ... on level 1 of the Dungeon.
             The game lasted 00:02:10 (696 turns).

KristoblXynda the Slasher (Naga Gladiator)           Turns: 696, Time: 00:02:10

Health: 0/32       AC:  3    Str: 16    XL:     3   Next: 52%
Magic:  3/3        EV: 10    Int:  9    God:
Gold:   52         SH:  0    Dex: 12    Spells: 2/2 levels left

rFire    . . .     SeeInvis +   a - +0 long sword
rCold    . . .     Gourm    .   (no shield)
rNeg     . . .     Faith    .   b - +0 leather armour
rPois    +         Spirit   .   c - +0 helmet
rElec    .         Reflect  .   (no cloak)
rCorr    .         Harm     .   (no gloves)
MR       .....                  (no barding)
Stlth    +.........             (no amulet)
HPRegen  0.10/turn              (no ring)
MPRegen  0.08/turn              (no ring)

@: very slow
A: large, see invisible, deformed body, poison resistance, slowness 2, slow
metabolism 1, spit poison 1, AC +1
a: Spit Poison


You were on level 1 of the Dungeon.
You were not hungry.

You visited 1 branch of the dungeon, and saw 1 of its levels.

You collected 52 gold pieces.

Inventory:

Hand Weapons
 a - a +0 long sword (weapon)
Missiles
 d - 3 throwing nets (quivered)
Armour
 b - a +0 leather armour (worn)
 c - a +0 helmet (worn)
Scrolls
 e - a scroll of immolation {unknown}
 g - a scroll of fear {unknown}
 j - a scroll of teleportation {unknown}
Potions
 h - a potion of lignification {unknown}
 i - a potion of curing {unknown}
Comestibles
 f - a ration


   Skills:
 - Level 2.0 Fighting
 * Level 3.9 Long Blades
 - Level 2.0 Throwing
 + Level 2.8 Dodging


You had 2 spell levels left.
You didn't know any spells.

Dungeon Overview and Level Annotations

Branches:
Dungeon (1/15)

Altars:


Innate Abilities, Weirdness & Mutations

You cannot wear boots.
Your serpentine skin is tough. (AC +1)
You have supernaturally acute eyesight. (SInv)
Armour fits poorly on your strangely shaped body.
Your system is resistant to poisons. (rPois)
You cover ground very slowly.
You have a slow metabolism.
You can spit poison.


Message History

The hobgoblin throws a tomahawk.
The tomahawk misses you.
You see here a tomahawk.
The hobgoblin throws a tomahawk.
The tomahawk hits you!
You see here a tomahawk.
You barely miss the kobold. The kobold misses you.
The kobold hits you with a dagger of speed.
You closely miss the kobold. The kobold completely misses you.
The hobgoblin hits you but does no damage.
You barely miss the hobgoblin.
The kobold hits you with a dagger of speed.
* * * LOW HITPOINT WARNING * * *
The hobgoblin hits you with a club.
* * * LOW HITPOINT WARNING * * *
The kobold hits you with a dagger of speed.
* * * LOW HITPOINT WARNING * * *
You barely miss the hobgoblin.
The kobold hits you with a dagger of speed.
* * * LOW HITPOINT WARNING * * *
The hobgoblin hits you with a club.
You die...

#..#.##.#### ..###
####....##.##.. #.#..
######.....####..#.#
#.#.# #..........#
##)#.# #...#
#..........#
#.#.#####....
#........(.#
#......##).##
##########(###
#.........†.# #.....(.#
#......##...# #.....@.#
#.....)##...# #....gK.#
#......##...#
#..........>.....##...#
#.......###......##...#
#.......# #......##...#
#.......# #......######
#.......# #......#
#.......# ########


You could see a hobgoblin and a kobold.

Vanquished Creatures
  A leopard gecko (D:1)
  A ball python (D:1)
  2 bats (D:1)
  A giant cockroach (D:1)
  6 goblins (D:1)
  6 hobgoblins (D:1)
  3 jackals (D:1)
  2 frilled lizards (D:1)
  8 kobolds (D:1)
  4 rats (D:1)
34 creatures vanquished.

Notes
Turn   | Place    | Note
-------+----------+-------------------------------------------
     0 | D:1      | KristoblXynda the Naga Gladiator began the quest for the Orb.
     0 | D:1      | Reached XP level 1. HP: 19/19 MP: 1/1
    53 | D:1      | Reached XP level 2. HP: 19/26 MP: 2/2
   505 | D:1      | Reached XP level 3. HP: 29/32 MP: 3/3
   696 | D:1      | HP: 1/32 [kobold/dagger of speed (3)]
   696 | D:1      | Slain by a hobgoblin

Vault maps used:
D:1:      noname_arrival_rooms_in_the_neighbourhood

Skill      XL: |  1 |
---------------+----+-----
Throwing       | 2 |  2.0
Fighting       | |  2.0
Long Blades    | |  3.9
Dodging        | |  2.8

Action                   || total
-------------------------++-------
Melee: Long sword        ||    75
 Abil: Spit Poison       ||    10
Armor: Leather armour    ||    27
Dodge: Dodged            ||    43
       Rpst.: Long sword ||    12

Table legend:
 A = Spawn XP
 B = Non-spawn XP
 C = Spawn XP percentage of total XP
 D = Spawn monster count
 E = Non-spawn monster count
 F = Spawn count percentage of total count
 G = Total turns spent on level
                    A         B        C        D         E        F      G
               +---------+---------+-------+---------+---------+-------+---------
         Total |       0 |      59 |   0.0 |       0 |      34 |   0.0 |   696
               +---------+---------+-------+---------+---------+-------+---------
           D:1 |       0 |      59 |   0.0 |       0 |      34 |   0.0 |   696
               +---------+---------+-------+---------+---------+-------+---------
